 Dungeon Crawl Stone Soup version 0.21-a0-278-ga722497 (webtiles) character file.

410 Sobriquet the Slasher (level 6, 0/49 HPs)
             Began as a Vine Stalker Fighter on Sept 20, 2017.
             Slain by an ogre
             ... wielding a +0 giant club
              (8 damage)
             ... on level 4 of the Dungeon.
             The game lasted 00:04:53 (3175 turns).

Sobriquet the Slasher (Vine Stalker Fighter)        Turns: 3175, Time: 00:04:53

Health: 0/49       AC: 23    Str: 24    XL:     6   Next: 89%
Magic:  0/7        EV:  2    Int:  8    God:
Gold:   182        SH: 10    Dex: 15    Spells: 5/5 levels left

rFire    . . .     SeeInvis .   a - +0 long sword
rCold    . . .     Gourm    .   c - +0 shield
rNeg     + + +     Faith    .   (armour currently unavailable)
rPois    +         Spirit   +   (helmet currently unavailable)
rElec    .         Reflect  .   (cloak currently unavailable)
rCorr    .         Harm     .   (gloves currently unavailable)
MR       .....     NoTele   +   (boots currently unavailable)
Stlth    +.........             (no amulet)
HPRegen  0.56/turn              (no ring)
MPRegen  0.10/turn              (no ring)

@: mighty, tree-form
A: regeneration 1, magic shield, no potion heal 3, rot immunity
a: no special abilities


You were on level 4 of the Dungeon.
You were not hungry.
You were a tree.
You visited 1 branch of the dungeon, and saw 4 of its levels.

You collected 182 gold pieces.

Inventory:

Hand Weapons
 a - a +0 long sword (weapon)
 s - a +3 flail of venom
Missiles
 k - 61 stones (quivered)
Armour
 b - a +0 scale mail
 c - a +0 shield (worn)
 g - +0 fire dragon scales (melded)
Jewellery
 m - an uncursed ring of protection from magic {unknown}
 z - an uncursed ring of fire {unknown}
Scrolls
 e - a scroll of amnesia {unknown}
 i - 2 scrolls of teleportation {unknown}
 l - 2 scrolls of identify {unknown}
 p - a scroll of remove curse {unknown}
 q - 3 scrolls of immolation {unknown}
 t - a scroll of enchant armour {unknown}
 v - a scroll of recharging {unknown}
 y - a scroll of magic mapping {unknown}
Potions
 x - a potion of curing
Books
 A - a book of Maledictions

   Spells                             Type                      Level
   a - Corona                         Hexes                        1
   b - Ensorcelled Hibernation        Hexes/Ice                    2
   c - Confuse                        Hexes                        3
   d - Tukima's Dance                 Hexes                        3
   e - Dazzling Spray                 Conjuration/Hexes            3
Comestibles
 f - 4 bread rations
 j - 3 meat rations
 o - a royal jelly


   Skills:
 + Level 3.8 Fighting
 * Level 4.4 Long Blades
 + Level 3.3 Armour
 + Level 3.9 Shields


You had 5 spell levels left.
You didn't know any spells.

Dungeon Overview and Level Annotations

Branches:
Dungeon (4/15)
 Temple: D:4-7

Altars:
Ashenzari

Annotations:
D:4 Blork the orc


Innate Abilities, Weirdness & Mutations

((You have extremely sharp teeth.))
Your natural rate of healing is unusually fast.
When hurt, damage is shared between your health and your magic reserves.
((Your bite disrupts and absorbs the magic of your enemies.))
Potions cannot restore your health.
You are immune to rotting.


Message History

The ogre hits you with a giant club!
You slash the ogre!
The ogre is moderately wounded.
The ogre hits you with a giant club.
* * * LOW HITPOINT WARNING * * *
Unknown command.
Okay, then.
Unknown command.
Your shield prevents you from hitting the ogre.
The ogre is moderately wounded.
Your shield prevents you from hitting the ogre.
The ogre is moderately wounded.
The ogre hits you with a giant club!
* * * LOW HITPOINT WARNING * * *
Unknown command.
Unknown command.
You slash the ogre!
The ogre is severely wounded.
The ogre hits you with a giant club!
You die...

....+....§O# ...
....#......# .
....#......#
...###.....#
.[.###.....########
..................#
..................#
...............O..#
.##.####...#####♣##
.##+####...#............
...........#............
...........#............
...........#............
..#...# #............
####### ############# #
#


You could see an ogre.

Vanquished Creatures
  Grinder (D:3)
  A bullfrog skeleton (D:3)
  An orc priest (D:1)
  2 orc wizards (D:1)
  2 adders
  2 worms (D:2)
  3 dart slugs
  2 orcs
  4 giant cockroaches
  2 goblins
  5 hobgoblins
  12 jackals
  4 kobolds
  A ball python (D:3)
  10 bats
  2 frilled lizards
  7 rats
61 creatures vanquished.

Notes
Turn   | Place    | Note
-------+----------+-------------------------------------------
     0 | D:1      | Sobriquet the Vine Stalker Fighter began the quest for the Orb.
     0 | D:1      | Reached XP level 1. HP: 11/11 MP: 2/2
    31 | D:1      | Reached skill level 2 in Long Blades
   360 | D:1      | Reached XP level 2. HP: 16/16 MP: 3/3
  1353 | D:2      | Reached XP level 3. HP: 18/19 MP: 2/4
  1969 | D:3      | Noticed Grinder
  1969 | D:3      | Paralysed by Grinder for 5 turns
  1980 | D:3      | Killed Grinder
  1980 | D:3      | Reached skill level 4 in Long Blades
  1980 | D:3      | Gained mutation: Your natural rate of healing is unusually fast. [Vine Stalker growth]
  1980 | D:3      | Reached XP level 4. HP: 15/25 MP: 5/5
  1980 | D:3      | Reached XP level 5. HP: 17/28 MP: 6/6
  1980 | D:3      | Reached XP level 6. HP: 20/32 MP: 7/7
  2738 | D:3      | Found a shattered altar of Ashenzari.
  3142 | D:4      | Noticed Blork the orc
  3175 | D:4      | Slain by an ogre

Vault maps used:
D:1:      dpeg_arrival_boxorama
D:3:      first_bread, cheibrodos_ashenzari_chains, uniq_grinder
D:4:      uniq_edmund, uniq_menkaure, uniq_ijyb, uniq_blork_the_orc

Skill      XL: |  1  2  3 |
---------------+----------+-----
Long Blades    | 2 4 |  4.4
Fighting       | 3 |  3.8
Armour         | 3 |  3.3
Shields        | 3 |  3.9

Action                   |  1- 3 |  4- 6 || total
-------------------------+-------+-------++-------
Melee: Long sword        |    72 |    85 ||   157
       Bite              |    20 |    31 ||    51
  Use: Scroll            |     1 |     1 ||     2
       Potion            |     2 |     5 ||     7
  Eat: Chunk             |     2 |     5 ||     7
Armor: Scale mail        |    11 |       ||    11
       Fire dragon scale |    23 |    46 ||    69
Dodge: Dodged            |    26 |    39 ||    65
Block: Shield            |    32 |    55 ||    87
       Rpst.: Long sword |     8 |    12 ||    20

Table legend:
 A = Spawn XP
 B = Non-spawn XP
 C = Spawn XP percentage of total XP
 D = Spawn monster count
 E = Non-spawn monster count
 F = Spawn count percentage of total count
 G = Total turns spent on level
                    A         B        C        D         E        F      G
               +---------+---------+-------+---------+---------+-------+---------
         Total |       0 |     587 |   0.0 |       0 |      61 |   0.0 |  3175
               +---------+---------+-------+---------+---------+-------+---------
           D:1 |       0 |     150 |   0.0 |       0 |      20 |   0.0 |  1530
           D:2 |       0 |      46 |   0.0 |       0 |      14 |   0.0 |   884
           D:3 |       0 |     391 |   0.0 |       0 |      27 |   0.0 |   694
               +---------+---------+-------+---------+---------+-------+---------
